 Dungeon Crawl Stone Soup version 0.22.0-49-gab54619674 (webtiles) character file.

161 JedernureinKreuz the Chiller (level 4, -1/33 HPs)
             Began as a Demigod Ice Elementalist on Sept 6, 2018.
             Slain by Grinder (6 damage)
             ... on level 3 of the Dungeon.
             The game lasted 00:42:22 (2901 turns).

JedernureinKreuz the Chiller (DgIE)                 Turns: 2901, Time: 00:42:23

Health: -1/33      AC:  2    Str: 11    XL:     4   Next: 97%
Magic:  9/10       EV: 13    Int: 21    God:
Gold:   46         SH:  0    Dex: 16    Spells: 7/8 levels left

rFire    . . .     SeeInvis .   m - +1 long sword (flame)
rCold    . . .     Gourm    .   (no shield)
rNeg     . . .     Faith    .   g - +0 robe
rPois    .         Spirit   .   (no helmet)
rElec    .         Reflect  .   (no cloak)
rCorr    .         Harm     .   (no gloves)
MR       .....                  (no boots)
Stlth    ++........             (no amulet)
HPRegen  0.11/turn              (no ring)
MPRegen  0.12/turn              (no ring)

@: no status effects
A: high mp 1
a: no special abilities


You were on level 3 of the Dungeon.
You were not hungry.

You visited 1 branch of the dungeon, and saw 3 of its levels.

You collected 46 gold pieces.

Inventory:

Hand Weapons
 d - a +0 rapier
 h - a +0 hunting sling
 k - a +2 whip of flaming
 m - a +1 long sword of flaming (weapon)
Missiles
 i - 102 stones (quivered)
Armour
 g - a +0 robe (worn)
Scrolls
 a - a scroll of magic mapping {unknown}
 b - 2 scrolls of identify {unknown}
 e - a scroll of blinking {unknown}
 j - a scroll of enchant weapon {unknown}
Potions
 f - a potion of heal wounds {unknown}
 l - a potion of haste {unknown}
Comestibles
 c - 4 rations
 n - a chunk of flesh


   Skills:
 + Level 2.9 Dodging
 + Level 3.0 Stealth
 + Level 2.7 Spellcasting
   Level 0.8 Conjurations
 + Level 3.5 Ice Magic


You had 7 spell levels left.
You knew the following spells:

 Your Spells              Type           Power        Failure   Level  Hunger
a - Freeze                Ice            ###.         3%          1    None

Your spell library contained the following spells:

 Spells                   Type           Power        Failure   Level  Hunger
 Throw Frost              Conj/Ice       ##....       9%          2    ##.....
 Ozocubu's Armour         Chrm/Ice       ##......     21%         3    ###....
 Throw Icicle             Conj/Ice       ##......     50%         4    ####...
 Summon Ice Beast         Ice/Summ       ##......     54%         4    ####...


Dungeon Overview and Level Annotations

Branches:
Dungeon (3/15)

Annotations:
D:2 Natasha
D:3 Grinder


Innate Abilities, Weirdness & Mutations

You have an increased reservoir of magic. (+10% MP)


Message History

You kill the worm!
Grinder hits you!
You writhe in agony.
Casting: Freeze (safe; 3% risk of failure)
Confirm with . or Enter, or press ? or * to list all spells.
Aiming: Freeze (safe; 3% risk of failure)
Press: ? - help, Shift-Dir - straight line, f - Grinder
Aim: Grinder You freeze Grinder.
Grinder completely resists.
Grinder gestures at you.
You barely resist.
Wield which item (- for none, * to show all)? (? for menu, Esc to quit)
Your +1 long sword of flaming bursts into flame!
m - a +1 long sword of flaming (weapon)
Grinder hits you!
You slash Grinder! You burn Grinder.
Grinder is moderately wounded.
Grinder hits you!
* * * LOW HITPOINT WARNING * * *
You writhe in agony.
You die...

#.#.##############.#.##
........(.........<....
#.########.#....####.#
.... ..# #.+.........##
#.# #.# #.#..........#
.รท####.###.#..........#
#..........#....(.....#
#.........##.....5....#
#.........#####.@.....#
#.........# #....(((.(..
#.........# ########....
#.........# ...
########### . # ## .# .#


You could see Grinder.

Vanquished Creatures
  A scorpion (D:2)
  Natasha (D:2)
  2 adders (D:2)
  An ooze (D:2)
  2 worms
  2 dart slugs
  A leopard gecko (D:2)
  A ball python (D:2)
  2 bats
  2 giant cockroaches
  7 goblins
  9 hobgoblins
  2 quokkas
  4 frilled lizards
  10 kobolds
  9 rats
  3 plants (D:2)
59 creatures vanquished.

Notes
Turn   | Place    | Note
-------+----------+-------------------------------------------
     0 | D:1      | JedernureinKreuz the Demigod Ice Elementalist began the
                  | quest for the Orb.
     0 | D:1      | Reached XP level 1. HP: 14/14 MP: 5/5
   505 | D:1      | Reached XP level 2. HP: 20/20 MP: 2/7
  1060 | D:2      | Noticed a scorpion
  1150 | D:2      | Reached XP level 3. HP: 26/26 MP: 3/8
  1371 | D:2      | Noticed Natasha
  1789 | D:2      | Killed a scorpion
  1789 | D:2      | Reached XP level 4. HP: 28/33 MP: 5/10
  1929 | D:2      | Killed Natasha
  2414 | D:2      | Noticed Natasha
  2888 | D:3      | Noticed Grinder
  2901 | D:3      | Slain by Grinder

Skill      XL: |  1  2  3  4 |
---------------+-------------+-----
Dodging        | 2 |  2.9
Stealth        | 2 3 |  3.0
Spellcasting   | 2 |  2.7
Ice Magic      | 3 |  3.5
Conjurations   | |  0.8

Action                   |  1- 3 |  4- 6 || total
-------------------------+-------+-------++-------
Melee: Club              |     2 |       ||     2
       Whip              |    21 |   120 ||   141
       Short sword       |     1 |       ||     1
       Long sword        |       |     2 ||     2
 Fire: Hunting sling     |    12 |    31 ||    43
Throw: Stone             |    55 |     1 ||    56
 Cast: Freeze            |    52 |    16 ||    68
  Eat: Chunk             |     3 |     4 ||     7
Armor: Robe              |    10 |     3 ||    13
Dodge: Dodged            |    28 |    12 ||    40
